 Dungeon Crawl Stone Soup version 0.17.0-28-g6e173f8 (webtiles) character file.

366 GeneralIdiocy the Insei (level 6, -2/64 HPs)
             Began as a Demonspawn Necromancer on Dec 3, 2015.
             Slain by Dimlob's ghost (3 damage)
             ... on level 4 of the Dungeon.
             The game lasted 00:07:55 (4416 turns).

GeneralIdiocy the Insei (Demonspawn Necromancer)    Turns: 4416, Time: 00:07:56

Health: -2/64      AC: 27    Str: 15    XL:     6   Next: 40%
Magic:  9/9        EV:  2    Int: 17    God:
Gold:   134        SH:  0    Dex: 13    Spells: 1 memorised, 8 levels left

rFire  . . .     SeeInvis .       - Unarmed
rCold  . . .     Clarity  .     (armour currently unavailable)
rNeg   + + +     SustAt   .     (no shield)
rPois  +         Gourm    .     (helmet currently unavailable)
rElec  .         Spirit   .     (cloak currently unavailable)
rCorr  .         Warding  .     (gloves currently unavailable)
rMut   .         NoTele   +     (boots currently unavailable)
MR     .....                    (no amulet)
Stlth  ++........               l - +4 ring of protection
                                r - +5 ring of evasion

@: mighty, tree-form, not resistant to hostile enchantments, unstealthy
A: (claws 0), (hooves 0), (horns 0)
a: no special abilities


You were on level 4 of the Dungeon.
You were not hungry.
You were a tree.
You visited 1 branch of the dungeon, and saw 4 of its levels.

You collected 134 gold pieces.

Inventory:

Armour
 a - a +0 robe
 e - a +0 cloak (melded)
 u - a +0 scale mail (melded)
Jewellery
 j - an uncursed ring of protection from magic
 l - a +4 ring of protection (right branch)
 q - a cursed -3 ring of protection
 r - a +5 ring of evasion (left branch)
Wands
 v - a wand of frost (23)
Scrolls
 d - 3 scrolls of identify {unknown}
 h - 2 scrolls of immolation {unknown}
 i - a scroll of fear {unknown}
 n - a scroll of random uselessness {unknown}
 p - a scroll of teleportation {unknown}
Potions
 o - a potion of agility {unknown}
 s - a potion of heal wounds {unknown}
 t - a potion of curing {unknown}
 w - a potion of degeneration {unknown}
 A - a potion of magic
Books
 b - a book of Necromancy

   Spells                             Type                      Level
   a - Pain                           Necromancy                   1
   b - Animate Skeleton               Necromancy                   1
   c - Vampiric Draining              Necromancy                   3
   d - Regeneration                   Charms/Necromancy            3
   e - Animate Dead                   Necromancy                   4
   f - Control Undead                 Necromancy                   4
Comestibles
 c - 3 bread rations
 f - 2 beef jerkies
 m - a slice of pizza
 x - a royal jelly
 z - 3 fruits


   Skills:
 - Level 1.2 Fighting
 - Level 1.7 Dodging
 - Level 1.7 Stealth
 + Level 5.6 Unarmed Combat
 - Level 2.0 Spellcasting
 - Level 4.6 Necromancy


You had 8 spell levels left.
You knew the following spells:

 Your Spells              Type           Power        Failure   Level  Hunger
a - Pain                  Necr           ###.         2%          1    #......


Dungeon Overview and Level Annotations

Branches:
Dungeon (4/15)
 Temple: D:4-7

Altars:
Ru

Annotations:
D:4 Dimlob's ghost, amateur MiFi


Innate Abilities, Weirdness & Mutations

((You have very sharp fingernails.))
((You have hoof-like feet.))
((You have a pair of small horns on your head.))


Message History

Dimlob's ghost hits you!
You scratch Dimlob's ghost but do no damage.
Dimlob's ghost is heavily damaged.
Dimlob's ghost hits you!
* * * LOW HITPOINT WARNING * * *
Drink which item? (? for menu, Esc to quit)
Okay, then.
Drink which item? (? for menu, Esc to quit)
You turn into a tree.
Your +0 cloak melds into your body.
Your +0 scale mail melds into your body.
Your roots penetrate the ground.
Dimlob's ghost hits you.
* * * LOW HITPOINT WARNING * * *
Drink which item? (? for menu, Esc to quit)
It was a potion of magic.
Magic courses through your body.
Dimlob's ghost hits you but does no damage.
Drink which item? (? for menu, Esc to quit)
It was a potion of might.
You feel very mighty all of a sudden. Dimlob's ghost hits you.
You die...

### ### #.. ..#
#.# #.# #.# #.#
## #.# #.# ...
#.######.# #...#
#........##....#
#.#######...#
#.W♣..#...#.#####
#.###...###.....
#.....###.....#
#.#...###.....#
#.#..>..'.....+
#########.....#
............#
######......#
#......#


You could see Dimlob's ghost.

Vanquished Creatures
  A scorpion (D:3)
  An orc wizard (D:3)
  2 orc priests
  Terence (D:3)
  A worker ant (D:4)
  6 adders
  3 worms
  6 giant geckos
  7 orcs
  4 giant cockroaches
  14 goblins
  11 hobgoblins
  13 jackals
  4 ball pythons
  9 bats
  3 giant newts
  6 kobolds
  11 rats
103 creatures vanquished.

Notes
Turn   | Place    | Note
--------------------------------------------------------------
     0 | D:1      | GeneralIdiocy the Demonspawn Necromancer began the quest for the Orb.
     0 | D:1      | Reached XP level 1. HP: 13/13 MP: 3/3
   281 | D:1      | Reached skill level 1 in Fighting
   282 | D:1      | Gained mutation: You have sharp fingernails. [demonic ancestry]
   282 | D:1      | Reached XP level 2. HP: 16/21 MP: 0/5
   600 | D:1      | Reached skill level 1 in Unarmed Combat
   803 | D:1      | Gained mutation: You have large cloven feet. [demonic ancestry]
   803 | D:1      | Reached XP level 3. HP: 26/26 MP: 6/6
  1381 | D:2      | Found a sacrificial altar of Ru.
  1813 | D:2      | Gained mutation: You have hoof-like feet. [demonic ancestry]
  1813 | D:2      | Reached XP level 4. HP: 30/32 MP: 3/7
  2713 | D:3      | Gained mutation: You have a pair of small horns on your head. [demonic ancestry]
  2713 | D:3      | Reached XP level 5. HP: 9/37 MP: 4/8
  3531 | D:3      | Noticed Terence
  3538 | D:3      | Killed Terence
  3538 | D:3      | Reached skill level 5 in Unarmed Combat
  3620 | D:3      | Gained mutation: You have very sharp fingernails. [demonic ancestry]
  3620 | D:3      | Reached XP level 6. HP: 43/43 MP: 9/9
  3874 | D:4      | Noticed Dimlob's ghost (amateur MiFi)
  4414 | D:4      | HP: 1/64 [Dimlob's ghost (3)]
  4416 | D:4      | Slain by Dimlob's ghost

Action                   |  1- 3 |  4- 6 || total
-------------------------+-------+-------++-------
Melee: Unarmed           |   130 |   205 ||   335
 Cast: Pain              |    27 |    11 ||    38
Evoke: Wand              |       |     1 ||     1
  Use: Potion            |       |     4 ||     4
 Stab: Sleeping          |     3 |     5 ||     8
  Eat: Chunk             |     3 |     9 ||    12
